 Dungeon Crawl Stone Soup version 0.30.1-4-g462c640d31 (webtiles) character file.

Game seed: 3103320890673422527

1872 kingsuperguy the Basher (level 8, -9/109 HPs)
             Began as a Minotaur Berserker on Aug 29, 2023.
             Was a Priest of Trog.
             Mangled by a +1 spectral quarterstaff (11 damage)
             ... created by Joseph
             ... on level 7 of the Dungeon.
             The game lasted 00:09:13 (5222 turns).

kingsuperguy the Basher (Minotaur Berserker)        Turns: 5222, Time: 00:09:13

Health: -9/109     AC: 11    Str: 23    XL:     8   Next: 91%
Magic:  7/7        EV: 15    Int:  4    God:    Trog [***...]
Gold:   389        SH:  0    Dex: 11    Spells: 7/7 levels left

rFire   . . .        H - +0 dire flail
rCold   . . .        (shield currently unavailable)
rNeg    . . .        o - +0 chain mail
rPois   +            (helmet restricted)
rElec   .            A - scarf {+Inv}
rCorr   .            h - +0 pair of gloves
SInv    .            (no boots)
Will    .....        (no amulet) Stlth
                     e - +5 ring of evasion
HPRegen 0.38/turn    w - ring of poison resistance
MPRegen 0.10/turn

%: no passive effects
@: berserking (expiring), very quick
A: horns 2, retaliatory headbutt
a: Renounce Religion, Evoke Invisibility, Berserk, Trog's Hand


You were on level 7 of the Dungeon.
You worshipped Trog.
Trog was most pleased with you.
You visited 1 branch of the dungeon, and saw 7 of its levels.

You collected 389 gold pieces.

Inventory:

Hand Weapons
 a - a +0 mace
 y - a +0 hammer
 H - a +0 dire flail (weapon)
Armour
 b - a +0 animal skin
 h - a +0 pair of gloves (worn)
 n - a +0 pair of gloves
 o - a +0 chain mail (worn)
 A - a scarf of invisibility (worn)
Jewellery
 e - a +5 ring of evasion (left hand)
 t - an amulet of magic regeneration
 w - a ring of poison resistance (right hand)
 B - a ring of resist corrosion
 E - a ring of fire
Wands
 j - a wand of polymorph (9)
 s - a wand of flame (11)
 J - a wand of roots (8)
Scrolls
 c - 8 scrolls of identify {unknown}
 g - a scroll of enchant weapon {unknown}
 l - a scroll of poison {unknown}
 q - 3 scrolls of teleportation {unknown}
 r - a scroll of brand weapon {unknown}
 z - a scroll of immolation {unknown}
 C - 2 scrolls of noise {unknown}
 G - a scroll of amnesia {unknown}
 I - a scroll of summoning {unknown}
Potions
 d - 5 potions of curing {unknown}
 f - 3 potions of mutation {unknown}
 i - a potion of magic {unknown}
 k - 2 potions of attraction {unknown}
 m - 2 potions of might {unknown}
 p - 2 potions of lignification {unknown}
 u - 2 potions of flight {unknown}
 v - a potion of degeneration {unknown}
 x - a potion of cancellation {unknown}
 D - a potion of haste {unknown}
 F - a potion of ambrosia {unknown}


   Skills:
 + Level 7.2 Fighting
 * Level 10.5 Maces & Flails
 + Level 6.5 Armour
 + Level 4.0 Dodging
 + Level 0.6 Stealth


You had 7 spell levels left.
You didn't know any spells.
Your spell library was empty.

Dungeon Overview and Level Annotations

Branches:
Dungeon (7/15)             Temple (0/1) D:6

Altars:
Fedhas
Qazlal
Yredelemnul
The Shining One

Shops:
D:1 *

Annotations:
D:4 Sigmund
D:7 Joseph


Innate Abilities, Weirdness & Mutations

You have a pair of horns on your head.
You reflexively headbutt those who attack you in melee.


Message History

Joseph hits you with a +1 spectral quarterstaff.
The +1 spectral quarterstaff barely misses you.
A red film seems to cover your vision as you go berserk!
You feel yourself moving faster!
You feel mighty! The +1 spectral quarterstaff hits you.
The +1 spectral quarterstaff hits you but does no damage.
The +1 spectral quarterstaff hits you!
Joseph hits you with a +1 spectral quarterstaff!
* * * LOW HITPOINT WARNING * * *
The +1 spectral quarterstaff barely misses you.
You impale Joseph!! You headbutt Joseph!
Joseph is severely wounded.
You barely miss Joseph. You headbutt Joseph, but do no damage.
Joseph is severely wounded.
Joseph closely misses you. The +1 spectral quarterstaff hits you!
* * * LOW HITPOINT WARNING * * *
You completely miss Joseph. Your headbutt misses Joseph.
Joseph is severely wounded.
The +1 spectral quarterstaff hits you!
* * * LOW HITPOINT WARNING * * *
You barely miss Joseph.
Joseph is severely wounded.
The +1 spectral quarterstaff hits you!
* * * LOW HITPOINT WARNING * * *
Joseph closely misses you. The +1 spectral quarterstaff hits you.
* * * LOW HITPOINT WARNING * * *
You thump Joseph!
Joseph is severely wounded.
The +1 spectral quarterstaff misses you.
You barely miss Joseph. Your headbutt misses Joseph.
Joseph is severely wounded.
Joseph hits you but does no damage.
The +1 spectral quarterstaff barely misses you.
You furiously retaliate!
You headbutt the +1 spectral quarterstaff!
Joseph shares his spectral weapon's damage!
You closely miss Joseph. Your headbutt misses Joseph.
Joseph is almost dead.
The +1 spectral quarterstaff hits you!
You die...

######### #..@(...##
#.##@....###
.......≈~~...##
###..~~≈≈≈~~..##
#..~~~≈≈≈≈~~..#
#.≈≈≈≈≈~~≈≈≈~.###
#..~≈~~..P≈~≈~...#
#.~≈≈~.♣...~≈≈~..#
#.~≈≈~<♣_P>≈≈≈~..###


You could see Joseph and a +1 spectral quarterstaff.

Vanquished Creatures
  A wyvern (D:4)
  3 water moccasins
  Duvessa (D:4)
  An ice beast (D:5)
  A sky beast (D:6)
  2 black bears
  2 ogres
  3 bullfrogs
  Dowan (D:4)
  2 hounds (D:5)
  Crazy Yiuf (D:4)
  2 orc priests
  Jessica (D:3)
  2 iguanas
  Ijyb (D:3)
  Terence (D:2)
  Natasha (D:3)
  3 orc wizards
  A sleepcap (D:6)
  11 adders
  A worm (D:3)
  5 dart slugs
  19 orcs
  8 endoplasms
  2 giant cockroaches (D:3)
  2 goblins
  5 hobgoblins
  4 jackals
  3 quokkas (D:2)
  4 ball pythons
  6 bats
  7 kobolds
  12 rats
119 creatures vanquished.

Notes
Turn   | Place    | Note
-------+----------+-------------------------------------------
     0 | D:1      | kingsuperguy the Minotaur Berserker began the quest for the
                  | Orb.
     0 | D:1      | Reached XP level 1. HP: 19/19 MP: 0/0
     0 | D:1      | Noticed an elf
     1 | D:1      | Noticed a merfolk
    13 | D:1      | Noticed a vine stalker
    17 | D:1      | Noticed a tengu
    17 | D:1      | Noticed a draconian
   128 | D:1      | Reached XP level 2. HP: 25/27 MP: 1/1
   146 | D:1      | Found Omoluqy's Assorted Antiques.
   189 | D:1      | Reached skill level 4 in Maces & Flails
   420 | D:1      | You fall into a shaft and drop 1 floor!
   852 | D:2      | Reached XP level 3. HP: 33/33 MP: 2/2
  1003 | D:2      | Reached skill level 5 in Maces & Flails
  1098 | D:2      | Reached XP level 4. HP: 40/40 MP: 3/3
  1236 | D:2      | Noticed Terence
  1247 | D:2      | Killed Terence
  1479 | D:3      | Reached ** piety under Trog
  1659 | D:3      | Noticed Natasha
  1664 | D:3      | Killed Natasha
  1665 | D:3      | Reached XP level 5. HP: 46/47 MP: 4/4
  1701 | D:3      | Noticed Jessica
  1711 | D:4      | Noticed Sigmund
  1725 | D:3      | Killed Jessica
  1969 | D:3      | Noticed Ijyb
  1976 | D:3      | Killed Ijyb
  1977 | D:3      | Reached skill level 6 in Maces & Flails
  2403 | D:4      | Found a runed translucent door.
  2404 | D:4      | Noticed Crazy Yiuf
  2458 | D:4      | Noticed a wyvern
  2462 | D:4      | Killed a wyvern
  2463 | D:4      | Reached skill level 5 in Fighting
  2463 | D:4      | Reached XP level 6. HP: 56/56 MP: 5/5
  2531 | D:4      | Noticed Duvessa
  2531 | D:4      | Noticed Dowan
  2544 | D:4      | Killed Duvessa
  2545 | D:4      | Reached skill level 7 in Maces & Flails
  2553 | D:4      | Killed Dowan
  2554 | D:4      | Reached XP level 7. HP: 44/61 MP: 6/6
  2909 | D:4      | Killed Crazy Yiuf
  3085 | D:5      | Entered Level 5 of the Dungeon
  3303 | D:5      | Reached skill level 8 in Maces & Flails
  3443 | D:5      | Reached *** piety under Trog
  3649 | D:5      | Found a glowing golden altar of the Shining One.
  3651 | D:5      | Noticed an angel
  3680 | D:5      | Found a basalt altar of Yredelemnul.
  3682 | D:5      | Noticed a profane servitor
  3724 | D:5      | Reached skill level 9 in Maces & Flails
  3724 | D:5      | Reached XP level 8. HP: 67/70 MP: 7/7
  3729 | D:5      | Reached skill level 5 in Armour
  3733 | D:5      | Found a stormy altar of Qazlal.
  3940 | D:6      | Found a staircase to the Ecumenical Temple.
  4673 | D:6      | Reached skill level 10 in Maces & Flails
  4984 | D:7      | Found a blossoming altar of Fedhas.
  4984 | D:7      | Noticed Joseph
  5219 | D:7      | HP: 1/109 [+1 spectral quarterstaff[Joseph] (6)]
  5222 | D:7      | Mangled by a +1 spectral quarterstaff

Illustrated notes

Levels and vault maps discovered:
D:1:      shiori_arrival_whats_in_store_for_you, layout_basic, serial_shops,
          shop_fountains
D:2:      layout_rooms, chequers_arboretum, uniq_terence
D:3:      layout_rooms, uniq_jessica, uniq_natasha, uniq_ijyb
D:4:      layout_basic, hangedman_abyss_or_decor_stabs, uniq_sigmund,
          uniq_crazy_yiuf_cottage, uniq_duvessa
D:5:      layout_cave_pools, grunt_temple_overflow_holy_war,
          mainiacjoe_overflow_six_doors_small, serial_bayou,
          serial_bayou_ford_a, serial_bayou_pond_a, serial_bayou_pond_c,
          minmay_misc_feat_room
D:6:      layout_loops_ring, minmay_temple_entry_large_hall, st_stairs_3,
          kennysheep_cross_bottleneck
D:7:      layout_basic, fedhas_ov_isle_minmay, serial_demonic, serial_demonic_f,
          serial_demonic_g, serial_demonic_c, serial_demonic_e,
          serial_demonic_e, serial_demonic_g, serial_demonic_a,
          hangedman_decor_diamond_cutter, st_stairs_5, uniq_joseph

Skill      XL: |  1  2  3  4  5  6  7  8 |
---------------+-------------------------+-----
Fighting       | 4 5 6 7 |  7.2
Maces & Flails | 4 5 6 7 9 10 | 10.5
Dodging        | 3 4 |  4.0
Armour         | 3 4 6 |  6.5
Stealth        | |  0.6

Action                     |  1- 3 |  4- 6 |  7- 9 || total
---------------------------+-------+-------+-------++-------
  Melee: Mace              |    56 |   104 |   130 ||   290
         Headbutt          |     9 |    13 |    25 ||    47
         Dire flail        |       |       |    45 ||    45
 Invoke: Berserk           |       |     3 |     2 ||     5
  Evoke: Wand              |       |       |     1 ||     1
 Armour: Animal skin       |     9 |       |       ||     9
         Chain mail        |       |    44 |    75 ||   119
  Dodge: Dodged            |    46 |    77 |   113 ||   236
